 Dungeon Crawl Stone Soup version 0.28.0-45-g0d030f2227 (webtiles) character file.

Game seed: 6038108255468212013

69 pkoi the Conjurer (level 3, -16/26 HPs)
             Began as a Demigod Conjurer on Apr 13, 2022.
             Blown up by Ijyb (18 damage)
             ... with a mindburst bolt
             ... on level 3 of the Dungeon.
             The game lasted 00:03:06 (2377 turns).

pkoi the Conjurer (Demigod Conjurer)                Turns: 2377, Time: 00:03:06

Health: -16/26     AC:  3    Str:  8    XL:     3   Next: 75%
Magic:  2/9        EV: 12    Int: 24    God:
Gold:   102        SH:  0    Dex: 12    Spells: 3/6 levels left

rFire   . . .      SeeInvis .   b - +0 short sword
rCold   . . .      Faith    .   (no shield)
rNeg    . . .      Spirit   .   a - +0 robe
rPois   .          Reflect  .   (no helmet)
rElec   .          Harm     .   (no cloak)
rCorr   .          Rampage  .   (no gloves)
Will    .....                   d - +0 pair of boots
Stlth   ++........              (no amulet)
HPRegen 0.08/turn               (no ring)
MPRegen 0.11/turn               (no ring)

@: no status effects
A: high MP 1, forlorn, divine attributes
a: no special abilities


You were on level 3 of the Dungeon.
You visited 1 branch of the dungeon, and saw 3 of its levels.

You collected 102 gold pieces.

Inventory:

Hand Weapons
 b - a +0 short sword (weapon)
Missiles
 c - a throwing net
Armour
 a - a +0 robe (worn)
 d - a +0 pair of boots (worn)
Scrolls
 e - a scroll of blinking {unknown}
 f - 2 scrolls of enchant armour {unknown}
Potions
 g - 2 potions of curing


   Skills:
 - Level 1.7 Dodging
 - Level 1.7 Stealth
 + Level 2.4 Spellcasting
 * Level 4.7 Conjurations


You had 3 spell levels left.
You knew the following spells:

 Your Spells              Type           Power      Damage    Failure   Level
a - Magic Dart            Conj           100%       1d8       1%          1
b - Searing Ray           Conj           50%        2d6       2%          2

Your spell library contained the following spells:

 Spells                   Type           Power      Damage    Failure   Level
 Dazzling Flash           Conj/Hex       28%        N/A       13%         3
 Fulminant Prism          Conj/Hex       7%         3d7       41%         4
 Iskenderun's Mystic Bla  Conj/Tloc      14%        2d5       41%         4


Dungeon Overview and Level Annotations

Branches:
Dungeon (3/15)

Shops:
D:1 *

Annotations:
D:3 Ijyb


Innate Abilities, Weirdness & Mutations

You have an increased reservoir of magic. (+10% MP)
You shall have no god before yourself.
Your divine heritage dramatically boosts your attributes as you level up.


Message History

There is a stone staircase leading up here.
Press: ? - help, v - describe, . - travel
Here: Ijyb, wielding a +0 club, wearing a +0 scale mail and carrying a wand of mindburst (10)
The floor.
Unknown command.
Casting: Searing Ray (safe; 2% risk of failure)
Confirm with . or Enter, or press ? or * to list all spells.
Aiming: Searing Ray (safe; 2% risk of failure)
Press: ? - help, Shift-Dir - straight line, f - Ijyb
Aim: Ijyb, wielding a +0 club, wearing a +0 scale mail and carrying a wand of mindburst (10) (77% to hit)
The searing ray hits Ijyb.
Ijyb is moderately wounded.
The searing ray hits the goblin.
You kill the goblin! (Press . to maintain the ray.)
The searing ray misses Ijyb.
The searing ray hits the goblin.
You kill the goblin!
Ijyb misses you.
Unknown command.
The searing ray hits Ijyb but does no damage.
Ijyb is moderately wounded.
Ijyb hits you with a +0 club.
Unknown command.
The searing ray hits Ijyb.
Ijyb is moderately wounded.
You finish channelling your searing ray.
Ijyb barely misses you.
Unknown command.
You aren't carrying any items that you can evoke.
Aiming: Magic Dart (safe; 1% risk of failure)
Press: ? - help, Q - select action, (/) - cycle Shift-Dir - straight line, f/p - Ijyb
Aim: Ijyb, wielding a +0 club, wearing a +0 scale mail and carrying a wand of mindburst (10) (moderately wounded, 100% to hit)
Okay, then.
Unknown command.
Ijyb zaps a wand.
Your mind is blasted!
Ouch! That really hurt!
* * * LOW HITPOINT WARNING * * *
Ijyb zaps a wand.
Your mind is blasted!
Ouch! That really hurt!
You die...

.#..... ##.#....
#....... #....#
#######...##
#.....g....#
#.###<#..##.#..
#.#......#..:.## #
###.#@######.....##
.##.#..)..### ......#
....#..)....## .......
h..........#.## .......
...........##.##......#
...#h.h...####.#....#
...#.##.### ##..>.#
####.##..## ##.#..##
..........###)##..#


You could see Ijyb and 2 jackals.

Vanquished Creatures
  An adder (D:2)
  An orc (D:3)
  5 endoplasms
  3 giant cockroaches
  11 goblins
  6 hobgoblins
  5 jackals
  6 kobolds
  A quokka (D:2)
  3 ball pythons (D:1)
  2 bats
  4 frilled lizards
  4 rats
52 creatures vanquished.

Notes
Turn   | Place    | Note
-------+----------+-------------------------------------------
     0 | D:1      | pkoi the Demigod Conjurer began the quest for the Orb.
     0 | D:1      | Reached XP level 1. HP: 14/14 MP: 5/5
   307 | D:1      | Reached XP level 2. HP: 4/20 MP: 0/7
   565 | D:1      | Learned a level 2 spell: Searing Ray
   629 | D:1      | Reached skill level 4 in Conjurations
  1075 | D:1      | Found Cozos's General Store.
  1571 | D:2      | Reached XP level 3. HP: 26/26 MP: 6/9
  2347 | D:3      | Noticed Ijyb
  2377 | D:3      | Blown up by Ijyb

Illustrated notes

Levels and vault maps discovered:
D:1:      wander_arrival_peaceful_grave, layout_basic, serial_shops, shop,
          dreamdust_ecumenical_altar_angels_and_demons
D:2:      layout_basic, minmay_cut_off
D:3:      kennysheep_the_goblin_king, layout_loops_ring, uniq_grinder

Skill      XL: |  1  2 |
---------------+-------+-----
Spellcasting   | 2 |  2.4
Conjurations   | 4 |  4.7
Dodging        | |  1.7
Stealth        | |  1.7

Action                   || total
-------------------------++-------
Melee: Short sword       ||     8
 Cast: Magic Dart        ||    96
       Searing Ray       ||     2
  Use: Scroll            ||     3
Armor: Robe              ||     4
Dodge: Dodged            ||    16
